 Dungeon Crawl Stone Soup version 0.31-a0-233-g139696dc86 (webtiles) character file.

Game seed: 7479554711199295046

210 qw the Shooter (level 5, -6/32 HPs)
             Began as a Gargoyle Hexslinger on July 9, 2023.
             Blown up by Ijyb (9 damage)
             ... with a mindburst bolt
             ... on level 4 of the Dungeon.
             The game lasted 00:00:54 (2575 turns).

qw the Shooter (Gargoyle Hexslinger)                Turns: 2575, Time: 00:00:54

Health: -6/32      AC:  9    Str: 11    XL:     5   Next: 88%
Magic:  6/6        EV: 10    Int: 14    God:
Gold:   212        SH:  0    Dex: 14    Spells: 5/6 levels left

rFire   . . .        Y - +1 sling
rCold   . . .        (no shield)
rNeg    + . .        d - +0 ring mail
rPois   inf          (no helmet)
rElec   +            (no cloak)
rCorr   .            (no gloves)
SInv    .            (no boots)
Will    .....        (no amulet)
Stlth   +            (no ring)
HPRegen 0.25/turn    (no ring)
MPRegen 0.10/turn

%: no passive effects
@: about to teleport
A: sickness immunity, AC +4, negative energy resistance 1, electricity
resistance, torment resistance 1, petrification resistance
a: no special abilities


You were on level 4 of the Dungeon.
You visited 1 branch of the dungeon, and saw 4 of its levels.

You collected 212 gold pieces.


Innate Abilities, Weirdness & Mutations

You are immune to sickness and miasma.
Your stone body is resilient. (AC +4)
You are immune to poison.
You resist negative energy. (rN+)
You are resistant to electric shocks. (rElec)
You are resistant to unholy torment.
You are immune to petrification.


   Skills:
 - Level 3.0 Fighting
 + Level 5.0 Ranged Weapons
 - Level 1.1 Armour
 - Level 1.5 Dodging
 - Level 1.0 Spellcasting
 - Level 2.6 Hexes


You had 5 spell levels left.
You knew the following spells:

 Your Spells              Type           Power      Damage    Failure   Level
a - Slow                  Hex            32%        N/A       21%         1

Your spell library contained the following spells:

 Spells                   Type           Power      Damage    Failure   Level
 Inner Flame              Hex/Fire       4%         N/A       71%         3
 Portal Projectile        Hex/Tloc       8%         N/A       71%         3
 Cause Fear               Hex            4%         N/A       90%         4

Inventory:

Hand Weapons
 Y - a +1 sling (weapon)
Armour
 d - a +0 ring mail (worn)
Scrolls
 b - 2 scrolls of teleportation
Potions
 a - a potion of lignification {unknown}
 e - a potion of curing {unknown}
 f - a potion of berserk rage {unknown}
 g - a potion of enlightenment
 h - a potion of cancellation {unknown}
 i - a potion of resistance
 k - a potion of ambrosia {unknown}

Dungeon Overview and Level Annotations

Branches:
Dungeon (4/15)
 Temple: D:4-7

Altars:
Xom

Annotations:
D:4 Ijyb


Message History

Enter note:
Enter note:
Enter note: You shoot a sling bullet.
The sling bullet hits Ijyb.
Ijyb is lightly wounded.
You shoot a sling bullet. The sling bullet hits Ijyb.
Ijyb is moderately wounded.
You shoot a sling bullet. The sling bullet barely misses Ijyb.
You shoot a sling bullet. The sling bullet barely misses Ijyb.
You shoot a sling bullet. The sling bullet hits Ijyb.
Ijyb is moderately wounded.
You shoot a sling bullet.
The sling bullet hits Ijyb but does no damage.
Ijyb is moderately wounded.
Ijyb hits you with a +2 dagger of speed.
A ball python comes into view.
Ijyb zaps a wand.
You barely resist. You shoot a sling bullet.
The sling bullet barely misses Ijyb.
The ball python hisses angrily.
Ijyb completely misses you.
You shoot a sling bullet. The sling bullet barely misses Ijyb.
The sling bullet hits the ball python!
You kill the ball python!
Ijyb zaps a wand.
You barely resist.
Ijyb zaps a wand.
Your mind is blasted!
Ouch! That really hurt!
You shoot a sling bullet. The sling bullet hits Ijyb.
Ijyb is heavily wounded.
Ijyb hits you but does no damage.
You shoot a sling bullet. The sling bullet closely misses Ijyb.
Ijyb hits you with a +2 dagger of speed.
Ijyb misses you.
You shoot a sling bullet.
The sling bullet hits Ijyb but does no damage.
Ijyb is moderately wounded.
Ijyb hits you with a +2 dagger of speed. x2
2575 ||| READING 3 scrolls of teleportation.
As you read the scroll of teleportation, it crumbles to dust.
You feel strangely unstable.
Ijyb zaps a wand.
Your mind is blasted!
You die...

..##.. ..... .%..
...# #.. #.# ..
##g# ##. .##..
...## #.@# ##...
.....
......#.####.....
...#
#............#
##..#
###.......###
##...###
#..##..##
##....... #..
#..# ###........
#..
##.####.......#
..### #..
#..#....##...#
#... #..
#.....###....#


You could see Ijyb.

Vanquished Creatures
  A phantom (D:3)
  A hound (D:4)
  5 adders
  3 worms
  2 dart slugs
  4 endoplasms
  2 giant cockroaches (D:1)
  6 goblins
  7 hobgoblins
  3 kobolds (D:1)
  4 ball pythons
  6 bats
  4 frilled lizards
  4 rats
52 creatures vanquished.

Notes
Turn   | Place    | Note
-------+----------+-------------------------------------------
     0 | D:1      | qw the Gargoyle Hexslinger began the quest for the Orb.
     0 | D:1      | Reached XP level 1. HP: 12/12 MP: 2/2
     0 | D:1      | 0 ||| qw: Version: 0.3-a-51-g015441d
     0 | D:1      | 0 ||| qw: Game counter: 3832
     0 | D:1      | 0 ||| qw: Melee chars always use a shield: true
     0 | D:1      | 0 ||| qw: God list: Okawaru
     0 | D:1      | 0 ||| qw: Allow faded altars: false
     0 | D:1      | 0 ||| qw: Do Orc after clearing Dungeon:15 true
     0 | D:1      | 0 ||| qw: Do second Lair branch before Depths: true
     0 | D:1      | 0 ||| qw: Lair rune preference: random
     0 | D:1      | 0 ||| qw: Goals: Normal
     0 | D:1      | 0 ||| PLANNING D:1-11
   561 | D:1      | Reached XP level 2. HP: 14/16 MP: 3/3
   631 | D:1      | Reached skill level 3 in Ranged Weapons
   705 | D:1      | 705 ||| FLEEEEING.
   706 | D:1      | 706 ||| FLEEEEING.
   707 | D:1      | 707 ||| FLEEEEING.
   770 | D:1      | Reached XP level 3. HP: 19/21 MP: 4/4
   945 | D:1      | 945 ||| UPGRADING to +0 ring mail.
   955 | D:1      | 955 ||| DROPPING +0 robe.
   956 | D:1      | 956 ||| READING scroll labelled ROUDUA TUNEHE.
   957 | D:1      | 957 ||| READING scroll labelled TUALUA VEYFEBE.
   961 | D:1      | 961 ||| READING scroll labelled ECVAEM YTROKETZE.
  1062 | D:1      | 1062 ||| DROPPING scroll of poison.
  1243 | D:2      | Found a shimmering altar of Xom.
  1269 | D:2      | You fall into a shaft and drop 1 floor!
  1277 | D:3      | 1277 ||| READING scroll labelled QULEUB XAONK.
  1384 | D:2      | Reached XP level 4. HP: 26/26 MP: 5/5
  1608 | D:2      | 1608 ||| READING scroll labelled ZIT REDUOHUPS.
  1727 | D:3      | Reached skill level 4 in Ranged Weapons
  1874 | D:3      | Reached skill level 1 in Armour
  2023 | D:3      | Noticed a phantom
  2036 | D:3      | Killed a phantom
  2037 | D:3      | Reached skill level 5 in Ranged Weapons
  2037 | D:3      | Reached XP level 5. HP: 18/30 MP: 6/6
  2391 | D:3      | 2391 ||| READING scroll labelled KUOCKU GEASCH.
  2392 | D:3      | 2392 ||| READING scroll labelled HUASOSCHORIAQ.
  2393 | D:3      | 2393 ||| READING scroll labelled UNOANI AGAIN.
  2394 | D:3      | 2394 ||| READING scroll labelled PEMPOI FAHENGI.
  2395 | D:3      | 2395 ||| DRINKING 2 silvery potions.
  2440 | D:4      | Reached skill level 3 in Fighting
  2563 | D:4      | Noticed Ijyb
  2574 | D:4      | HP: 7/32 [Ijyb/+2 dagger of speed (2)]
  2574 | D:4      | HP: 2/32 [Ijyb/+2 dagger of speed (5)]
  2575 | D:4      | 2575 ||| READING 3 scrolls of teleportation.
  2575 | D:4      | Blown up by Ijyb

Levels and vault maps discovered:
D:1:      heliophobic_arrival_glass_houses, layout_basic
D:2:      layout_loops_cross, basic_altar
D:3:      layout_loops_ring
D:4:      layout_layer_cave, minmay_temple_entry_crystal_x, nicolae_half_adder,
          uniq_crazy_yiuf_cottage, uniq_ijyb, uniq_menkaure

Skill      XL: |  1  2  3  4  5 |
---------------+----------------+-----
Ranged Weapons | 3 5 |  5.0
Fighting       | 2 3 |  3.0
Armour         | 1 |  1.1
Dodging        | |  1.5
Spellcasting   | |  1.0
Hexes          | |  2.6

Action                     |  1- 3 |  4- 6 || total
---------------------------+-------+-------++-------
   Fire: Sling             |    90 |   108 ||   198
    Use: Scroll            |     4 |     6 ||    10
         Potion            |       |     1 ||     1
 Armour: Ring mail         |    12 |    37 ||    49
  Dodge: Dodged            |    23 |    45 ||    68

Table legend:
 A = Non-vault XP
 B = Vault XP
 C = Vault XP percentage of total XP
 D = Non-vault monster count
 E = Vault monster count
 F = Vault count percentage of total count
                 A         B        C        D         E       F
            +---------+---------+-------+---------+---------+-------
      Total |     301 |       0 |   0.0 |      52 |       0 |   0.0
            +---------+---------+-------+---------+---------+-------
        D:1 |      34 |       0 |   0.0 |      19 |       0 |   0.0
        D:2 |      54 |       0 |   0.0 |      18 |       0 |   0.0
        D:3 |     166 |       0 |   0.0 |      11 |       0 |   0.0
        D:4 |      47 |       0 |   0.0 |       4 |       0 |   0.0
            +---------+---------+-------+---------+---------+-------
